 Dungeon Crawl Stone Soup version 0.15.1-4-gac8487e (webtiles) character file.

1362 Johnny the Chiller (level 8, -7/63 HPs)
             Began as a Demigod Ice Elementalist on Oct 14, 2014.
             Mangled by an orc warrior
             ... wielding a +0 dire flail
              (21 damage)
             ... on Level 6 of the Dungeon.
             The game lasted 00:17:54 (7551 turns).

Johnny the Chiller (Demigod Ice Elementalist)       Turns: 7551, Time: 00:17:54

HP  -7/63        AC 11     Str 13      XL: 8   Next: 15%
MP   0/21        EV 10     Int 22      God:
Gold 302         SH  0     Dex 17      Spells:  4 memorised,  3 levels left

rFire  + . .     SeeInvis .     z - +0 flail (protect)
rCold  . . .     Clarity  .     s - +1 ring mail
rNeg   . . .     rCorr    .     (no shield)
rPois  .         rRot     .     (no helmet)
rElec  .         Spirit   .     (no cloak)
SustAb .         Warding  .     (no gloves)
rMut   .         Stasis   .     (no boots)
Gourm  .                        (no amulet)
MR     .....                    w - ring of wizardry
                                u - ring of protection from fire

@: very slightly contaminated, not resistant to hostile enchantments, unstealthy
A: no striking features
a: no special abilities


You were on level 6 of the Dungeon.
You were very hungry.

You visited 1 branch of the dungeon, and saw 6 of its levels.

You collected 302 gold pieces.

Inventory:

Hand weapons
 g - a +0 dagger
 r - a -1 falchion
 x - the +2 mace "Otux" {antimagic, +Rage Int+1 SInv}
   (You found it on level 4 of the Dungeon)

   It disrupts the flow of magical energy around spellcasters and certain
   magical creatures (including the wielder).
   It affects your intelligence (+1).
   It enhances your eyesight.
   It lets you go berserk.
 z - a +0 flail of protection (weapon)
Armour
 s - a +1 ring mail (worn)
Magical devices
 k - a wand of digging (13)
 D - a wand of disintegration (15) {unknown}
 F - a wand of draining (6) {unknown}
Comestibles
 c - 5 bread rations
 n - a meat ration
Scrolls
 d - a scroll of recharging
 h - 2 scrolls of amnesia
 j - a scroll of teleportation
 l - a scroll of enchant weapon
 q - 5 scrolls of remove curse {unknown}
 y - a scroll of identify
Jewellery
 f - an uncursed ring of positive energy {unknown}
 u - a ring of protection from fire (left hand)
 w - a ring of wizardry (right hand)
Potions
 a - 2 potions of restore abilities {unknown}
 e - a potion of cure mutation {unknown}
 i - a potion of curing
 m - a potion of agility {unknown}
 o - a potion of experience {unknown}
 p - a potion of flight {unknown}
 v - 2 potions of cancellation {unknown}
 A - a potion of degeneration {unknown}
 B - a potion of resistance {unknown}
 E - a potion of confusion {unknown}
Books
 b - a book of Frost

   Spells                             Type                      Level
   *Freeze                            Ice                          1
   Throw Frost                        Conjuration/Ice              2
   *Ozocubu's Armour                  Charms/Ice                   3
   *Throw Icicle                      Conjuration/Ice              4
   *Summon Ice Beast                  Ice/Summoning                4
   Condensation Shield                Ice                          4


   Skills:
 * Level 3.2 Fighting
 + Level 2.4 Armour
 + Level 3.6 Dodging
 + Level 3.3 Stealth
 * Level 4.0 Spellcasting
 * Level 2.2 Conjurations
 * Level 1.9 Charms
 * Level 3.2 Summonings
 * Level 4.2 Ice Magic
 + Level 0.2 Evocations


You had 3 spell levels left.
You knew the following spells:

 Your Spells              Type           Power        Failure   Level  Hunger
a - Freeze                Ice            ###.         1%          1    None
b - Summon Ice Beast      Ice/Summ       ###.....     14%         4    ####...
c - Ozocubu's Armour      Chrm/Ice       ###.....     6%          3    ###....
d - Throw Icicle          Conj/Ice       ###.....     17%         4    ####...


Dungeon Overview and Level Annotations

Branches:
Dungeon (6/15)             Temple (0/1) D:4


Message History

Unknown command.
Unknown command.
Unknown command.
You closely miss the orc warrior.
The orc warrior is severely wounded.
Something bites your ice beast but does no damage.
Your ice beast barely misses the orc warrior.
The orc warrior hits you with a dire flail!!
* * * LOW HITPOINT WARNING * * *
Something barely misses your ice beast.
Casting: Freeze
Confirm with . or Enter, or press ? or * to list all spells.
Aiming: Freeze
Press: ? - help, Shift-Dir - straight line, f/p - orc warrior
Aim: an orc warrior, wielding a dire flail and wearing a plate armour (severely wounded)
You freeze the orc warrior.
The orc warrior is almost dead.
Your ice beast hits the orc warrior but does no damage.
The orc warrior hits you with a dire flail!!
You die...

...# #.# # #..# #.# #
#..########.### #
..............# #
#..#######.#..#
#.######..######.###.#####
#...>.....##....## ##.....
#)######Y###>###.###.#####
#o@...# ##.#..#
###########.#.#
..........#.#####
###########...... #######


You could see an orc warrior and a friendly ice beast.

Vanquished Creatures
  A sky beast (D:5)
  A centaur (D:6)
  An ogre (D:6)
  A scorpion (D:4)
  2 hounds
  A crimson imp (D:3)
  A goliath beetle (D:6)
  2 iguanas
  2 orc priests
  An orc wizard (D:2)
  4 worker ants
  4 adders
  2 shadow imps
  A giant mite (D:2)
  2 worms (D:2)
  2 oozes
  17 orcs
  7 giant cockroaches
  12 hobgoblins
  10 kobolds
  3 quokkas
  3 ball pythons
  12 bats
  A giant gecko (D:6)
  7 giant newts
  10 goblins
  10 rats
  A rat skeleton (D:5)
121 creatures vanquished.

Vanquished Creatures (collateral kills)
  Prince Ribbit (D:4)
  2 ogres
  An ice beast (D:5)
  2 centaurs (D:6)
  The ghost of Wutend the Poker, an average NaFi (D:3)
  3 scorpions
  2 hounds
  A crimson imp (D:4)
  A gnoll shaman (D:4)
  2 orc wizards (D:4)
  Natasha (thrice) (D:4)
  4 gnolls (D:4)
  An inept item mimic (D:4)
  An adder (D:6)
  A goliath beetle zombie (D:5)
  7 orcs
  A hobgoblin (D:4)
  3 jackals (D:4)
  2 kobolds
  A bat (D:4)
  2 giant cockroaches (D:4)
  A giant gecko (D:4)
  A gnoll skeleton (D:5)
  A goblin (D:4)
  A rat (D:5)
46 creatures vanquished.

Vanquished Creatures (others)
  10 ice beasts
10 creatures vanquished.

Grand Total: 177 creatures vanquished

Notes
Turn   | Place    | Note
--------------------------------------------------------------
     0 | D:1      | Johnny, the Demigod Ice Elementalist, began the quest for the Orb.
     0 | D:1      | Reached XP level 1. HP: 14/14 MP: 3/3
   458 | D:1      | Reached XP level 2. HP: 14/22 MP: 0/4
   933 | D:1      | Found a shimmering altar of Xom.
  1656 | D:2      | Reached XP level 3. HP: 11/27 MP: 0/8
  1802 | D:2      | Reached skill level 1 in Fighting
  2777 | D:2      | Reached skill level 3 in Ice Magic
  2777 | D:2      | Reached XP level 4. HP: 28/35 MP: 0/11
  2788 | D:2      | Learned a level 4 spell: Summon Ice Beast
  2903 | D:3      | Noticed Wutend's ghost (average NaFi)
  3064 | D:2      | Reached skill level 1 in Armour
  3350 | D:3      | Reached XP level 5. HP: 29/41 MP: 6/12
  3374 | D:3      | Reached skill level 1 in Summonings
  3714 | D:3      | Killed Wutend's ghost
  4176 | D:4      | Noticed an ogre
  4189 | D:4      | Noticed Natasha
  4199 | D:4      | Killed Natasha
  4199 | D:4      | Reached XP level 6. HP: 39/48 MP: 1/17
  4245 | D:4      | Killed an ogre
  4346 | D:4      | Noticed Prince Ribbit
  4347 | D:4      | Noticed Natasha
  4352 | D:4      | Killed Prince Ribbit
  4364 | D:4      | Killed Natasha
  4526 | D:4      | Found a staircase to the Ecumenical Temple.
  4549 | D:4      | Noticed Natasha
  4558 | D:4      | Killed Natasha
  4639 | D:4      | Got a smoking mace
  4640 | D:4      | Identified the cursed +2 mace "Otux" {antimagic, +Rage Int+1 SInv} (You found it on level 4 of the Dungeon)
  4812 | D:4      | Reached XP level 7. HP: 35/56 MP: 4/19
  5398 | D:5      | Entered Level 5 of the Dungeon
  5631 | D:5      | Found a radiant altar of Vehumet.
  5960 | D:5      | Found a stormy altar of Qazlal.
  6030 | D:5      | Reached skill level 4 in Ice Magic
  6048 | D:5      | Learned a level 4 spell: Throw Icicle
  6052 | D:5      | Learned a level 3 spell: Ozocubu's Armour
  6289 | D:5      | Reached skill level 1 in Conjurations
  6435 | D:5      | Found an ancient bone altar of Kikubaaqudgha.
  6699 | D:6      | Reached skill level 1 in Charms
  7109 | D:6      | Reached XP level 8. HP: 32/63 MP: 9/21
  7551 | D:6      | Mangled by an orc warrior

Action                   |  1- 3 |  4- 6 |  7- 9 || total
-------------------------+-------+-------+-------++-------
Melee: Unarmed           |    19 |       |       ||    19
       Dagger            |   143 |    77 |       ||   220
       Flail             |       |    35 |   106 ||   141
       Mace              |       |     9 |       ||     9
 Cast: Freeze            |    58 |    56 |    16 ||   130
       Summon Ice Beast  |       |    15 |    24 ||    39
       Throw Icicle      |       |       |    15 ||    15
  Use: Potion            |       |     4 |       ||     4
       Scroll            |       |    11 |       ||    11
 Stab: Sleeping          |     3 |       |     3 ||     6
       Invisible         |       |     1 |       ||     1
  Eat: Chunk             |     3 |     7 |    10 ||    20
       Fruit             |     1 |       |       ||     1
       Meat ration       |     1 |       |     1 ||     2
       Pizza             |       |       |     1 ||     1
